 Dungeon Crawl Stone Soup version 0.31-a0-854-g362426d53f (webtiles) character file.

Game seed: 14037279177870730357

24 Kurtz the Sneak (level 3, -2/34 HPs)
             Began as a Naga Delver on Oct 8, 2023.
             Splashed by a jelly's acid (7 damage)
             ... on level 5 of the Dungeon.
             The game lasted 00:00:25 (155 turns).

Kurtz the Sneak (Naga Delver)                        Turns: 155, Time: 00:00:25

Health: -2/34      AC: -5    Str: 14    XL:     3   Next: 2%
Magic:  3/3        EV:  9    Int: 10    God:
Gold:   25         SH:  0    Dex: 14    Spells: 2/2 levels left

rFire   . . .        a - +0 hand axe
rCold   . . .        (no shield)
rNeg    . . .        b - +0 leather armour
rPois   +            (no helmet)
rElec   .            (no cloak)
rCorr   .            (no gloves)
SInv    +            (no barding)
Will    .....        (no amulet)
Stlth   +++          (no ring)
HPRegen 0.25/turn    (no ring)
MPRegen 0.08/turn

%: no passive effects
@: corroded, very slow
A: AC +1, large, see invisible, deformed body, poison resistance, slowness 2,
spit poison 1, naga tail 1
a: Spit Poison


You were on level 5 of the Dungeon.
You visited 1 branch of the dungeon, and saw 1 of its levels.

You collected 25 gold pieces.

Inventory:

Hand Weapons
 a - a +0 hand axe (weapon)
Armour
 b - a +0 leather armour (worn)
Wands
 g - a wand of digging (3)
Scrolls
 c - a scroll of fog
 d - a scroll of revelation
 e - a scroll of fear
Potions
 f - a potion of haste


   Skills:
 - Level 3.0 Fighting
 * Level 3.4 Axes
 - Level 1.5 Dodging
 - Level 7.2 Stealth


You had 2 spell levels left.
You didn't know any spells.
Your spell library contained the following spells:

 Spells                   Type           Power      Damage    Failure   Level
 Sublimation of Blood     Necr           0%         N/A       58%         2
 Petrify                  Tmut/Erth      0%         N/A       99%         4
 Irradiate                Conj/Tmut      0%         3d11      100%        5


Dungeon Overview and Level Annotations

Branches:
Dungeon (5/15)
 Temple: D:4-7

Altars:


Innate Abilities, Weirdness & Mutations

Your serpentine skin is tough. (AC +1)
You have supernaturally acute eyesight. (SInv)
Armour fits poorly on your strangely shaped body.
Your system is resistant to poisons. (rPois)
You cover ground very slowly.
You can spit poison.
You have a snake-like lower body.


Message History

You have got your breath back.
You see here an iguana corpse.
You now have 13 gold pieces.
You start resting.
You hear a distant slurping noise.
A jelly comes into view.
You now have 25 gold pieces (gained 12).
A jelly is nearby!
Aiming: Spit Poison (2% risk of failure)
Press: ? - help, Shift-Dir - straight line, f - jelly
Aim: a jelly (wandering, hasn't noticed you, 100% to hit)
The splash of poison hits the jelly.
The jelly is lightly wounded.
The jelly quivers.
Unknown command.
You have got your breath back.
Aiming: Spit Poison (2% risk of failure)
Press: ? - help, Shift-Dir - straight line, f/p - jelly
Aim: a jelly (lightly wounded, 100% to hit)
The splash of poison hits the jelly.
The jelly is lightly wounded.
Unknown command.
You have got your breath back.
The jelly attacks as it pursues you! The jelly hits you. The acid corrodes you!
You are splashed with acid!
The jelly barely misses you.
Aiming: Spit Poison (2% risk of failure)
Press: ? - help, Shift-Dir - straight line, f/p - jelly
Aim: a jelly (lightly wounded, 100% to hit)
The splash of poison hits the jelly.
The jelly is moderately wounded.
The jelly hits you.
You are splashed with acid!
Unknown command.
The jelly hits you. The acid corrodes you!
You are splashed with acid!
* * * LOW HITPOINT WARNING * * *
You have got your breath back.
The jelly attacks as it pursues you! The jelly hits you.
* * * LOW HITPOINT WARNING * * *
You are splashed with acid!
You die...

...........# ...........##
......).....
.................###
...................
.................#
.................#
.............@...#
.............J...#
..............>..#
.................###########.#
........†....................#
.................#############
.................#
....>............#
.................#


You could see a jelly.

Vanquished Creatures
  An iguana (D:5)
1 creature vanquished.

Notes
Turn   | Place    | Note
-------+----------+-------------------------------------------
     0 | D:5      | Kurtz the Naga Delver began the quest for the Orb.
     0 | D:5      | Reached XP level 1. HP: 21/21 MP: 1/1
     5 | D:5      | Noticed an iguana
    18 | D:5      | Killed an iguana
    19 | D:5      | Reached XP level 2. HP: 6/28 MP: 2/2
    19 | D:5      | Reached XP level 3. HP: 7/34 MP: 3/3
   155 | D:5      | Splashed by a jelly's acid

Illustrated notes

Levels and vault maps discovered:
D:5:      layout_basic, nicolae_uskayaw_en_pointe, old_standard_altar,
          minmay_liquid_box

Skill      XL: |  1 |
---------------+----+-----
Axes           | 3 |  3.4
Fighting       | |  3.0
Dodging        | |  1.5
Stealth        | |  7.2

Action                     || total
---------------------------++-------
  Melee: Hand axe          ||     3
Ability: Spit Poison       ||     6
 Armour: Leather armour    ||     6
  Dodge: Dodged            ||     3

Table legend: (Time is in decaauts)
 A = Elapsed time spent in this place.
 B = Non-inter-level travel time spent in this place.
 C = Inter-level travel time spent in this place.
 D = Time resting spent in this place.
 E = Time spent auto-exploring this place.
 F = Levels seen in this place.
 G = Mean time per level.
                   A        B        C        D        E       F      G
               +--------+--------+--------+--------+--------+-----+--------+
         Total |    174 |    174 |      0 |     95 |     20 |   1 |  174.0 |
       Dungeon |    174 |    174 |      0 |     95 |     20 |   1 |  174.0 |
               +--------+--------+--------+--------+--------+-----+--------+

Top non-repeatable levels by time:
     D:5: 174 daAuts
